 Dungeon Crawl Stone Soup version 0.29.1-1-gd02db6906a (webtiles) character file.

Game seed: 10007585354262451761

21 Senryu the Shooter (level 2, 0/26 HPs)
             Began as a Naga Hunter on Oct 3, 2022.
             Slain by a quokka (2 damage)
             ... on level 2 of the Dungeon.
             The game lasted 00:02:24 (345 turns).

Senryu the Shooter (Naga Hunter)                     Turns: 345, Time: 00:02:25

Health: 0/26       AC:  5    Str: 13    XL:     2   Next: 87%
Magic:  2/2        EV:  9    Int:  9    God:
Gold:   80         SH:  0    Dex: 14    Spells: 1/1 levels left

rFire   . . .      SeeInvis +   a - +0 shortbow
rCold   . . .      Faith    .   (shield currently unavailable)
rNeg    . . .      Spirit   .   c - +0 leather armour
rPois   +          Reflect  .   (no helmet)
rElec   .          Harm     .   (no cloak)
rCorr   .          Rampage  .   f - +2 pair of gloves
Will    .....                   (no barding)
Stlth   ++........              (no amulet)
HPRegen 0.08/turn               (no ring)
MPRegen 0.08/turn               (no ring)

@: short of breath, hasted, quick
A: AC +0, large, see invisible, deformed body, poison resistance, slowness 2,
spit poison 1, naga tail 1
a: Spit Poison


You were on level 2 of the Dungeon.
You visited 1 branch of the dungeon, and saw 2 of its levels.

You collected 80 gold pieces.

Inventory:

Hand Weapons
 a - a +0 shortbow (weapon)
Armour
 c - a +0 leather armour (worn)
 f - a +2 pair of gloves (worn)
Jewellery
 h - a ring of willpower
Scrolls
 b - 2 scrolls of immolation


   Skills:
 * Level 2.0 Fighting
 * Level 4.1 Ranged Weapons
 * Level 0.3 Armour
 * Level 1.7 Dodging
 * Level 1.9 Stealth


You had one spell level left.
You didn't know any spells.
Your spell library was empty.

Dungeon Overview and Level Annotations

Branches:
Dungeon (2/15)

Altars:


Innate Abilities, Weirdness & Mutations

Your serpentine skin is tough. (AC +0)
You have supernaturally acute eyesight. (SInv)
Armour fits poorly on your strangely shaped body.
Your system is resistant to poisons. (rPois)
You cover ground very slowly.
You can spit poison.
You have a snake-like lower body.


Message History

The adder attacks as you move away! The adder bites you but does no damage.
The adder barely misses you.
Fire: a) +0 shortbow
Press: ? - help, Q - select action, (/) - cycle Shift-Dir - straight line, f/p - adder
Aim: an adder (44% to hit)
You shoot an arrow. The arrow hits the adder!
The adder is severely wounded.
The adder barely misses you.
The quokka twitches its whiskers.
The adder bites you.
* * * LOW HITPOINT WARNING * * *
Fire: a) +0 shortbow
Press: ? - help, Q - select action, (/) - cycle Shift-Dir - straight line, f/p - adder
Aim: an adder (severely wounded, 44% to hit)
You shoot an arrow. The arrow hits the adder.
You kill the adder!
The quokka bites you.
* * * LOW HITPOINT WARNING * * *
It was a potion of haste.
You feel yourself speed up. The quokka barely misses you.
The quokka attacks as you move away! The quokka closely misses you.
The quokka bites you.
* * * LOW HITPOINT WARNING * * *
The quokka barely misses you.
The adder hisses angrily.
The quokka attacks as you move away!
The quokka bites you but does no damage.
Found a wooden wand.
A bat comes into view.
The quokka attacks as you move away!
The quokka bites you but does no damage.
The quokka barely misses you.
Aiming: Spit Poison (2% risk of failure)
Press: ? - help, Shift-Dir - straight line, f - quokka
Aim: a quokka (45% to hit)
The splash of poison misses the quokka.
The splash of poison hits the kobold but does no damage.
Unknown command.
The quokka attacks as you move away! The quokka bites you.
You die...

#...# #.<.#
###.# #.### #.#
#.
...####.######.
#.....S.......
#.####.######.
#K# #. ###r###
.. #..@..#
#........#
../..........
#.##........#.
# #.....#.##
###.###.# #.. .
... .


You could see an adder, a quokka and a kobold.

Vanquished Creatures
  An adder (D:2)
  2 ball pythons (D:2)
  2 endoplasms (D:1)
  A hobgoblin (D:2)
  2 jackals (D:2)
  2 quokkas
  A rat (D:1)
11 creatures vanquished.

Notes
Turn   | Place    | Note
-------+----------+-------------------------------------------
     0 | D:1      | Senryu the Naga Hunter began the quest for the Orb.
     0 | D:1      | Reached XP level 1. HP: 19/19 MP: 1/1
   314 | D:2      | Reached XP level 2. HP: 19/26 MP: 2/2
   322 | D:2      | Reached skill level 4 in Ranged Weapons
   345 | D:2      | Slain by a quokka

Illustrated notes

Levels and vault maps discovered:
D:1:      minmay_arrival_glassed_features, layout_loops_ring
D:2:      layout_loops_ring, shapermc_ecumenical_altar_mp_highgroup

Skill      XL: |  1  2 |
---------------+-------+-----
Ranged Weapons | 4 |  4.1
Fighting       | |  2.0
Armour         | |  0.3
Dodging        | |  1.7
Stealth        | |  1.9

Action                   || total
-------------------------++-------
 Fire: Shortbow          ||    18
 Abil: Spit Poison       ||     9
  Use: Scroll            ||     4
       Potion            ||     2
Armor: Leather armour    ||    16
Dodge: Dodged            ||    19
